 Dungeon Crawl Stone Soup version 0.27-a0-1280-g9d2d252d84 (webtiles) character file.

Game seed: 11650864752478229886

30 27snakeeyes612 the Skirmisher (level 3, -6/20 HPs)
             Began as a Vine Stalker Fighter on June 13, 2021.
             Mangled by Sigmund (10 damage)
             ... on level 2 of the Dungeon.
             The game lasted 00:00:40 (1285 turns).

27snakeeyes612 the Skirmisher (VSFi)                Turns: 1285, Time: 00:00:40

Health: -6/20      AC:  7    Str: 19    XL:     3   Next: 18%
Magic:  0/4        EV:  7    Int:  8    God:
Gold:   36         SH:  9    Dex: 13    Spells: 2/2 levels left

rFire    . . .     SeeInvis .   a - +0 war axe
rCold    . . .     Faith    .   c - +0 kite shield
rNeg     . . .     Spirit   +   b - +0 scale mail
rPois    .         Reflect  .   (no helmet)
rElec    .         Harm     .   (no cloak)
rCorr    .         Rampage  .   g - +0 pair of gloves
Will     .....                  (no boots)
Stlth    ..........             (no amulet)
HPRegen  0.06/turn              (no ring)
MPRegen  0.09/turn              (no ring)

@: mighty
A: fangs 2, magic shield, antimagic bite, no potion heal 2
a: no special abilities


You were on level 2 of the Dungeon.
You visited 1 branch of the dungeon, and saw 2 of its levels.

You collected 36 gold pieces.

Inventory:

Hand Weapons
 a - a +0 war axe (weapon)
Armour
 b - a +0 scale mail (worn)
 c - a +0 kite shield (worn)
 g - a +0 pair of gloves (worn)
Jewellery
 j - an amulet of reflection
Scrolls
 e - 4 scrolls of teleportation {unknown}
 h - a scroll of vulnerability {unknown}
 i - a scroll of fear {unknown}
Potions
 f - a potion of cancellation {unknown}


   Skills:
 + Level 3.0 Fighting
 + Level 2.3 Axes
 + Level 2.6 Armour
 + Level 0.2 Dodging
 + Level 2.9 Shields


You had 2 spell levels left.
You didn't know any spells.
Your spell library was empty.

Dungeon Overview and Level Annotations

Branches:
Dungeon (2/15)

Altars:

Annotations:
D:2 Sigmund


Innate Abilities, Weirdness & Mutations

You have extremely sharp teeth.
When hurt, damage is shared between your health and your magic reserves.
Your bite disrupts and absorbs the magic of your enemies.
Potions cannot restore your health.


Message History

You kill the goblin!
No target in view!
No target in view!
No target in view!
No target in view!
No target in view!
No target in view!
No target in view!
No target in view!
Things that are here:
a +0 club; a goblin corpse Sigmund the Dreaded comes into view.
He is wielding a +2 vorpal scythe and wearing a +1 robe of positive energy.
Sigmund is nearby!
You feel very mighty all of a sudden. Sigmund barely misses you.
Sigmund barely misses you.
Your shield and scale mail prevent you from hitting Sigmund.
You bite Sigmund.
Sigmund's magic leaks into the air.
You drain his magic.
Sigmund is lightly wounded.
Sigmund closely misses you. Sigmund gestures at you while chanting.
You are confused.
Sigmund falters for a moment.
Sigmund completely misses you.
Your shield and scale mail prevent you from hitting Sigmund.
Sigmund is lightly wounded.
Sigmund hits you with a +2 vorpal scythe!
Ouch! That really hurt!
You bump into the rock wall.
You feel less confused. You block Sigmund's attack.
You closely miss Sigmund.
Sigmund is lightly wounded.
Sigmund says, "Your kind have come here before.
I understand now why.
You desire death..."
Sigmund casts a spell at you. The magic dart hits you.
* * * LOW HITPOINT WARNING * * *
Sigmund hits you with a +2 vorpal scythe!
Ouch! That really hurt!
You die...

#..........# .. #.#.....)#.#
#..##.#....# .##.#.####.#.#
.#..........# ##.#...##.#.#
.......##...### #.#.#.##.#.#
.#.....##....... #.###....#.#
#.....##...#### ..........#
.##....##..... ..........#
.......##.#################.#
###..#..........@@....... ..#
..........############### #.#
#########.# #.# ### ###


You could see Sigmund.

Vanquished Creatures
  A worm (D:2)
  3 dart slugs (D:1)
  A ball python (D:1)
  2 endoplasms (D:1)
  2 goblins
  A hobgoblin (D:1)
  3 kobolds
  2 quokkas (D:1)
  3 bats
  A frilled lizard (D:1)
19 creatures vanquished.

Notes
Turn   | Place    | Note
-------+----------+-------------------------------------------
     0 | D:1      | 27snakeeyes612 the Vine Stalker Fighter began the quest for
                  | the Orb.
     0 | D:1      | Reached XP level 1. HP: 11/11 MP: 2/2
   117 | D:1      | Reached XP level 2. HP: 8/16 MP: 3/3
   743 | D:1      | Reached skill level 3 in Fighting
  1029 | D:2      | Reached XP level 3. HP: 20/20 MP: 4/4
  1274 | D:2      | Noticed Sigmund
  1285 | D:2      | Mangled by Sigmund

Illustrated notes

Levels and vault maps discovered:
D:1:      dpeg_arrival_three_same_balls, layout_basic, minivault_25
D:2:      layout_basic, basic_altar, grunt_ministairs_6, uniq_terence,
          uniq_natasha, uniq_sigmund

Skill      XL: |  1  2 |
---------------+-------+-----
Axes           | 2 |  2.3
Fighting       | 3 |  3.0
Armour         | |  2.6
Dodging        | |  0.2
Shields        | |  2.9

Action                   || total
-------------------------++-------
Melee: War axe           ||    48
       Bite              ||    12
  Use: Potion            ||     1
Armor: Scale mail        ||    22
Dodge: Dodged            ||    14
Block: Kite shield       ||    22

Table legend: (Time is in decaauts)
 A = Elapsed time spent in this place.
 B = Non-inter-level travel time spent in this place.
 C = Inter-level travel time spent in this place.
 D = Time resting spent in this place.
 E = Time spent auto-exploring this place.
 F = Levels seen in this place.
 G = Mean time per level.
                   A        B        C        D        E       F      G
               +--------+--------+--------+--------+--------+-----+--------+
         Total |   1314 |   1287 |     27 |      0 |   1148 |   2 |  657.0 |
       Dungeon |   1314 |   1287 |     27 |      0 |   1148 |   2 |  657.0 |
               +--------+--------+--------+--------+--------+-----+--------+

Top non-repeatable levels by time:
     D:1: 1047 daAuts
     D:2: 267 daAuts
